 Dungeon Crawl Stone Soup version 0.29-a0-474-gdfe5cd140f (webtiles) character file.

Game seed: 560767842584089992

39 Infinimo the Cudgeller (level 3, 0/28 HPs)
             Began as a Demonspawn Gladiator on May 24, 2022.
             Slain by a kobold
             ... wielding a +0 short sword
              (2 damage)
             ... on level 3 of the Dungeon.
             The game lasted 00:01:03 (2421 turns).

Infinimo the Cudgeller (Demonspawn Gladiator)       Turns: 2421, Time: 00:01:03

Health: 0/28       AC:  3    Str: 14    XL:     3   Next: 28%
Magic:  3/3        EV: 12    Int: 11    God:
Gold:   138        SH:  0    Dex: 16    Spells: 2/2 levels left

rFire   . . .      SeeInvis .   a - +0 flail
rCold   . . .      Faith    .   (no shield)
rNeg    . . .      Spirit   .   b - +0 leather armour
rPois   .          Reflect  .   (helmet restricted)
rElec   .          Harm     .   (no cloak)
rCorr   .          Rampage  .   (no gloves)
Will    .....                   (no boots)
Stlth   ++........              (no amulet)
HPRegen 0.09/turn               (no ring)
MPRegen 0.08/turn               (no ring)

@: no status effects
A: antennae 1, thin skeletal structure 1
a: no special abilities


You were on level 3 of the Dungeon.
You visited 1 branch of the dungeon, and saw 3 of its levels.

You collected 138 gold pieces.

Inventory:

Hand Weapons
 a - a +0 flail (weapon)
Missiles
 d - 3 throwing nets (quivered)
 e - a javelin
Armour
 b - a +0 leather armour (worn)
 c - a +0 helmet
Jewellery
 h - a ring of flight
 s - a ring of willpower
Scrolls
 f - 5 scrolls of identify {unknown}
 g - 2 scrolls of teleportation {unknown}
 k - a scroll of poison {unknown}
 l - a scroll of amnesia {unknown}
 n - a scroll of noise {unknown}
 p - a scroll of fog {unknown}
Potions
 i - 2 potions of berserk rage {unknown}
 j - a potion of brilliance {unknown}
 m - a potion of curing {unknown}
 o - a potion of cancellation {unknown}
 q - a potion of ambrosia {unknown}
 r - 2 potions of heal wounds {unknown}


   Skills:
 + Level 2.5 Fighting
 * Level 3.4 Maces & Flails
 - Level 1.7 Throwing
 + Level 3.0 Dodging


You had 2 spell levels left.
You didn't know any spells.
Your spell library contained the following spells:

 Spells                   Type           Power      Damage    Failure   Level
 Animate Armour           Summ/Erth      0%         N/A       99%         4
 Blade Hands              Tmut           0%         N/A       100%        5
 Iron Shot                Conj/Erth      0%         9d1       100%        6


Dungeon Overview and Level Annotations

Branches:
Dungeon (3/15)

Altars:


Innate Abilities, Weirdness & Mutations

You have a pair of small antennae on your head.
You have a somewhat thin skeletal structure. (Dex +2, Stealth+)


Message History

The adder is heavily wounded.
The goblin shouts!
The adder bites you.
You hear a shout!
The adder is heavily wounded.
You hear a shout!
The adder bites you.
You are poisoned.
The adder poisons you! The adder bites you.
A kobold comes into view. It is wielding a +0 short sword.
The adder is heavily wounded.
You feel sick.
You thump the adder!
You kill the adder!
You feel sick.
You feel sick.
You feel sick.
You are no longer poisoned.
The kobold hits you with a +0 short sword.
You are too injured to fight recklessly!
You are too injured to fight recklessly!
You are too injured to fight recklessly!
You are too injured to fight recklessly!
You are too injured to fight recklessly!
You are too injured to fight recklessly!
You are too injured to fight recklessly!
You are too injured to fight recklessly!
You are too injured to fight recklessly!
The kobold attacks as you move away!
The kobold hits you with a +0 short sword.
The goblin attacks as you move away!
You are too injured to fight recklessly!
The kobold hits you with a +0 short sword.
* * * LOW HITPOINT WARNING * * *
The kobold hits you with a +0 short sword.
* * * LOW HITPOINT WARNING * * *
The goblin hits you with a +0 dagger.
* * * LOW HITPOINT WARNING * * *
The kobold hits you with a +0 short sword.
You die...

...8#8.##.#.# #....#
..........#.#######
#....#
..........#.......##
#.#+##
###.......#.........
#. #
####.##.#......# #.
#.##..^....###
#............###
##########.###.##
#.@#..)# ##Kg.#
##.## #.†.# #.###
#.. ##. ##


You could see a goblin and a kobold.

Vanquished Creatures
  2 adders
  An orc (D:3)
  An endoplasm (D:2)
  2 giant cockroaches
  A goblin (D:1)
  4 hobgoblins
  A kobold (D:3)
  2 bats
  3 frilled lizards
  4 rats
21 creatures vanquished.

Notes
Turn   | Place    | Note
-------+----------+-------------------------------------------
     0 | D:1      | Infinimo the Demonspawn Gladiator began the quest for the
                  | Orb.
     0 | D:1      | Reached XP level 1. HP: 16/16 MP: 1/1
  1014 | D:2      | Gained mutation: You have a pair of small antennae on your
                  | head. [demonic ancestry]
  1014 | D:2      | Reached XP level 2. HP: 9/22 MP: 2/2
  2287 | D:3      | Gained mutation: You have a somewhat thin skeletal
                  | structure. (Dex +2, Stealth+) [demonic ancestry]
  2287 | D:3      | Reached XP level 3. HP: 28/28 MP: 3/3
  2421 | D:3      | Slain by a kobold

Illustrated notes

Levels and vault maps discovered:
D:1:      dpeg_arrival_tiny_j, layout_loops_corners, minmay_crystal_room,
          feat_on_display
D:2:      layout_loops_corners
D:3:      layout_basic, serial_curves, eino_curves_01, eino_curves_03,
          minmay_statues_item, minmay_between

Skill      XL: |  1  2 |
---------------+-------+-----
Maces & Flails | 3 |  3.4
Dodging        | 3 |  3.0
Fighting       | |  2.5
Throwing       | |  1.7

Action                   || total
-------------------------++-------
Melee: Flail             ||    88
 Stab: Sleeping          ||     1
Armor: Leather armour    ||    23
Dodge: Dodged            ||    59

Table legend: (Time is in decaauts)
 A = Elapsed time spent in this place.
 B = Non-inter-level travel time spent in this place.
 C = Inter-level travel time spent in this place.
 D = Time resting spent in this place.
 E = Time spent auto-exploring this place.
 F = Levels seen in this place.
 G = Mean time per level.
                   A        B        C        D        E       F      G
               +--------+--------+--------+--------+--------+-----+--------+
         Total |   2442 |   2384 |     58 |      0 |   2190 |   3 |  814.0 |
       Dungeon |   2442 |   2384 |     58 |      0 |   2190 |   3 |  814.0 |
               +--------+--------+--------+--------+--------+-----+--------+

Top non-repeatable levels by time:
     D:2: 980 daAuts
     D:1: 896 daAuts
     D:3: 566 daAuts
